Map: 乌雷纳

Players

iGXiGua - Winner!

  • Race: Zerg Zerg
  • League: Master

ZooWhaleTail

  • Race: Zerg Zerg
  • League: Master

Event: GPL 2015 - Grand Finals

VOD

Have the link to the VOD?

Description

Time

  • Played on: Jan. 23, 2016, 11:22 p.m.
  • Length: 6:06

All games in this series

Show
View Real Time Build Order
Export as new Build Order

iGXiGua Zerg - Winner!

Build Orders: Pool First 

Get SALT Encoding   

  12  0:01  Drone  
  13  0:08  Drone  
  14  0:17  Overlord  
  14  0:22  Extractor  
  14  0:23  Drone  
  15  0:36  Drone x2  
  17  0:45  Spawning Pool  
  17  0:48  Drone  
  17  0:51  Extractor  
  17  0:56  Drone  
  17  1:19  Hatchery  
  16  1:31  Zergling x2  
  16  1:32  Zergling x4  
  19  1:37  Queen  
  21  1:44  Zergling x2  
  22  1:53  Metabolic Boost  
  22  1:58  Overlord  
  22  2:06  Overlord  
  21  2:16  Queen  
  21  2:19  Zergling x2  
  24  2:25  Zergling x2  
  25  2:32  Zergling x2  
  25  2:36  Zergling x2  
  26  2:42  Zergling x2  
  24  2:48  Zergling x4  
  24  2:49  Zergling x2  
  25  2:53  Queen  
  25  2:57  Drone  
  28  2:59  Drone  
  28  3:03  Drone  
  30  3:06  Drone  
  31  3:14  Drone  
  31  3:15  Drone  
  33  3:25  Drone x2  
  34  3:28  Drone  
  34  3:29  Drone x2  
  36  3:36  Drone  
  36  3:37  Extractor  
  36  3:39  Drone  
  36  3:47  Overlord  
  35  3:55  Overlord  
  35  3:56  Overlord  
  35  4:02  Overlord  
  35  4:05  Zergling x2  
  35  4:06  Zergling x2  
  35  4:07  Baneling Nest  
  36  4:10  Drone  
  36  4:13  Zergling x4  
  39  4:17  Queen  
  39  4:21  Drone x2  
  43  4:28  Drone, Spine Crawler  
  43  4:32  Drone x2  
  43  4:35  Zergling x2  
  43  4:37  Drone  
  47  4:39  Zergling x2  
  47  4:42  Zergling x2  
  47  4:44  Zergling x2  
  50  4:49  Zergling x4  
  48  4:56  Zergling x8  
  51  5:00  Zergling x2  
  47  5:07  Zergling x4  
  47  5:09  Queen  
  47  5:12  Baneling  
  47  5:13  Baneling x3  
  49  5:15  Zergling x2  
  49  5:18  Queen  
  49  5:19  Spine Crawler  
  51  5:21  Zergling x2  
  51  5:23  Baneling x2  
  51  5:25  Zergling x4  
  51  5:29  Overlord  
  51  5:31  Zergling x2  
  51  5:33  Overlord  
  50  5:38  Overlord  
  50  5:42  Overlord  
  47  5:46  Baneling x3  
Show
View Real Time Build Order
Export as new Build Order

ZooWhaleTail Zerg 

Build Orders: Pool First 

Get SALT Encoding   

  12  0:01  Drone  
  13  0:23  Spawning Pool  
  13  0:25  Drone  
  13  0:29  Drone  
  14  0:38  Drone, Extractor  
  15  0:44  Overlord  
  15  1:09  Zergling x6  
  18  1:20  Hatchery, Zergling x2  
  18  1:32  Zergling x2  
  19  1:36  Queen  
  21  1:45  Zergling x2  
  22  1:53  Overlord  
  22  2:12  Drone  
  22  2:16  Queen  
  22  2:18  Drone  
  25  2:26  Drone  
  26  2:33  Drone  
  26  2:38  Drone  
  26  2:40  Queen  
  28  2:49  Drone x3  
  28  2:51  Drone  
  31  2:53  Drone  
  31  2:55  Spine Crawler  
  29  3:04  Queen  
  31  3:07  Zergling x2  
  32  3:15  Overlord  
  32  3:21  Extractor  
  32  3:24  Overlord  
  32  3:26  Zergling x6  
  32  3:27  Zergling x2  
  32  3:39  Zergling x2  
  32  3:40  Zergling x2  
  29  3:44  Zergling x2  
  28  4:01  Zergling x6  
  31  4:06  Zergling x2  
  31  4:09  Zergling x2  
  33  4:15  Zergling x2  
  34  4:19  Zergling x2  
  34  4:24  Zergling x2  
  36  4:37  Metabolic Boost  
  36  4:40  Zergling x4  
  36  4:44  Zergling x2  
  39  4:48  Zergling x2  
  39  4:49  Zergling x2  
  36  4:55  Zergling x4  
  36  5:00  Zergling x2  
  36  5:02  Zergling x2  
  36  5:06  Zergling x2  
  38  5:13  Zergling x4  
  36  5:17  Zergling x2  
  36  5:23  Zergling x2  
  36  5:25  Zergling x2  
  36  5:26  Zergling x2  
  32  5:32  Zergling x2  
  33  5:37  Zergling x2  
  33  5:40  Zergling x2  
  33  5:41  Zergling x2  
  33  5:45  Zergling x2  
  33  5:48  Zergling x2  
Tags
 
Add a new tag
Caveats
  • Supply blocks, unpowered buildings, or Contaminate may cause inaccurate times.
  • Supply counts are checked every 10 seconds.